 Dungeon Crawl Stone Soup version 0.18-a0-822-gb52b7b4 (webtiles) character file.

33192 4thArraOfDagon the Covert (level 13, -2/73 HPs)
             Began as a Vine Stalker Necromancer on Dec 16, 2015.
             Was an Elder of Pakellas.
             Killed from afar by a deep elf knight (20 damage)
             ... with a shard of ice
             ... on level 2 of the Elven Halls.
             The game lasted 00:51:57 (7267 turns).

4thArraOfDagon the Covert (VSNe)                    Turns: 7267, Time: 00:51:57

Health: -2/73      AC: 11    Str: 15    XL:     13   Next: 69%
Magic:  0/29       EV: 17    Int: 24    God:    Pakellas [****..]
Gold:   111        SH:  0    Dex: 19    Spells: 2 memorised, 12 levels left

rFire  + . .     SeeInvis .     C - +3 long sword (elec)
rCold  + . .     Gourm    .     Q - +2 leather armour of Twilight {rF+ rCorr Str+3 Stlth-}
rNeg   . . .     Faith    .     (no shield)
rPois  .         Spirit   +     N - +3 hat of Pondering {ponderous, MR+ MP+10 Int+5}
rElec  .         Dismiss  .     s - +0 cloak
rCorr  +         Reflect  .     (no gloves)
SustAt .         Harm     .     v - +0 pair of boots
MR     ++...                    G - amulet of regeneration
Stlth  +++++.....               F - ring of protection from cold
                                j - ring of flight

@: slow, very resistant to hostile enchantments, quite stealthy
A: fangs 3, clever 2, regeneration 3, robust 1, magic shield, antimagic bite, no
device heal 3, rot immunity
a: Quick Charge, Device Surge, Renounce Religion, Evoke Flight


You were on level 2 of the Elven Halls.
You worshipped Pakellas.
Pakellas was greatly pleased with you.
You were not hungry.

You visited 3 branches of the dungeon, and saw 19 of its levels.
You visited 1 bazaar.
You also visited: Sewer.

You collected 1232 gold pieces.
You spent 1121 gold pieces at shops.

Inventory:

Hand Weapons
 d - a +2 dagger of speed
 o - a +2 falchion of chaos
 r - a +2 quarterstaff of chaos
 t - the +2 mace of Courage {freeze, +Rage rF+++ Str-2 Dex-4}
   (You found it on level 4 of the Dungeon)

   It has been specially enchanted to freeze those struck by it, causing extra
   injury to most foes and up to half again as much damage against particularly
   susceptible opponents.
   It can also slow down cold-blooded creatures.
   It affects your strength (-2).
   It affects your dexterity (-4).
   It renders you almost immune to fire.
   It lets you go berserk.
 z - a +0 blowgun
 A - a +1 long sword of electrocution
 C - a +3 long sword of electrocution (weapon)
 M - a +1 long sword of distortion
 P - a +1 dagger of electrocution
Armour
 s - a +0 cloak (worn)
 v - a +0 pair of boots (worn)
 L - a +0 robe of cold resistance
 N - the +3 hat of Pondering (worn) {ponderous, MR+ MP+10 Int+5}
   (You bought it in a shop on level 2 of the Orcish Mines)

   It affects your intelligence (+5).
   It affects your resistance to hostile enchantments.
   It affects your magic capacity (+10).
 Q - the +2 leather armour of Twilight (worn) {rF+ rCorr Str+3 Stlth-}
   (You bought it in a shop on level 2 of the Orcish Mines)

   It affects your strength (+3).
   It protects you from fire.
   It protects you from acid and corrosion.
   It makes you less stealthy.
Rods
 B - a +4 lightning rod (9/9)
   (Pakellas gifted it to you on level 8 of the Dungeon)
Jewellery
 j - a ring of flight (left hand)
 F - a ring of protection from cold (right hand)
 G - an amulet of regeneration (around neck)
 J - a +2 amulet of reflection
Wands
 g - a wand of draining (15)
 h - a wand of digging (8)
 l - a wand of polymorph (14)
 n - a wand of invisibility (9)
 H - a wand of magic darts (19)
Scrolls
 e - 2 scrolls of teleportation
 f - 3 scrolls of amnesia
 m - 5 scrolls of remove curse
 x - a scroll of noise
 D - 2 scrolls of enchant armour
Potions
 a - 2 potions of berserk rage
 p - a potion of magic
 q - a potion of degeneration
 u - 2 potions of flight
 I - a potion of haste
 K - a potion of curing
Books
 b - a book of Necromancy

   Spells                             Type                      Level
   a - Pain                           Necromancy                   1
   b - Animate Skeleton               Necromancy                   1
   c - Vampiric Draining              Necromancy                   3
   d - Regeneration                   Charms/Necromancy            3
   e - Animate Dead                   Necromancy                   4
   f - Control Undead                 Necromancy                   4
 y - a book of Summonings

   Spells                             Type                      Level
   a - Recall                         Summoning/Translocation      3
   b - Aura of Abjuration             Summoning                    5
   c - Shadow Creatures               Summoning                    5
   d - Summon Demon                   Summoning                    5
   e - Summon Forest                  Summoning/Translocation      5
   f - Summon Mana Viper              Hexes/Summoning              5
Miscellaneous
 w - a stone of tremors
Comestibles
 c - 4 bread rations
 i - 4 chunks of flesh
 k - 6 meat rations
 O - a beef jerky


   Skills:
 + Level 7.4 Fighting
 - Level 5.1(8.2) Short Blades
 * Level 10.0(10.5) Long Blades
 - Level 6.4 Armour
 + Level 6.7 Dodging
 + Level 14.4 Stealth
 - Level 2.1 Spellcasting
 - Level 4.0 Necromancy
 * Level 7.8 Evocations


You had 12 spell levels left.
You knew the following spells:

 Your Spells              Type           Power        Failure   Level  Hunger
a - Pain                  Necr           ###.         2%          1    None
b - Regeneration          Chrm/Necr      ##........   21%         3    ###....


Dungeon Overview and Level Annotations

Branches:
Dungeon (15/15)               Orc (2/2) D:12            Elf (2/3) Orc:2
 Vaults (0/5) D:13
 Temple: D:4-7         Lair: D:8-11      Depths: D:15

Altars:
Ashenzari
Pakellas
Zin
Beogh

Shops:
Orc:2 *[*[

Portals:
Trove: D:12 (give +6 demon whip)


Innate Abilities, Weirdness & Mutations

You have razor-sharp teeth.
You regenerate.
When hurt, damage is shared between your health and your magic reserves.
Your bite disrupts and absorbs the magic of your enemies.
Potions and wands cannot restore your health.
You are immune to rotting.
Your mind is very acute. (Int +4)
You are robust (+10% HP).


Message History

Okay, then.
Evoke which item? (* to show all) (? for menu, Esc to quit)
Zapping:
h - a wand of digging (9)
Press: ? - help, Shift-Dir - straight line The rock shatters into small pieces.
This wand has 8 charges left.
The deep elf knight casts a spell.
The deep elf knight seems to speed up.
The deep elf mage gestures at you while chanting.
The bolt of lightning hits you!
* * * LOW HITPOINT WARNING * * *
The deep elf mage mumbles some strange words.
The deep elf demonologist hits you but does no damage.
The neqoxec gestures.
Unknown command.
Unknown command.
Unknown command.
Unknown command.
The deep elf knight points at you and mumbles some strange words.
The shard of ice hits you! You partially resist.
You die...

##.....+#
#....=..##
.........##
..........+
......e.$.#
....⌠..E..#
.....Y.eee#
....e.eee(##
.§....3ee#@#
#).....e#e#.#
##....5.$e.#.#
########.#.#.#
#.##.#.# #..
#.#.# ##.
#.#.# . #.#.


You could see a deep elf demonologist, a deep elf archer, 6 deep elf knights, a
water elemental, 2 deep elf magi and an ice beast.

Vanquished Creatures
  An orc warlord (Orc:2)
  4 vault guards
  An entropy weaver (D:12)
  4 orc high priests (Orc:2)
  3 skeletal warriors (D:15)
  3 hill giants
  Pikel (D:7)
  4 orc knights (Orc:2)
  3 manticores
  An orc sorcerer (Orc:2)
  3 ugly things
  4 centaur zombies
  2 cyclopes
  A gargoyle (D:15)
  A wolf spider simulacrum (D:15)
  2 two-headed ogres (Orc:2)
  A polar bear (D:7)
  9 trolls
  7 yaks
  A wyvern (D:13)
  5 hippogriffs
  2 hungry ghosts
  A wolf (D:8)
  A mottled dragon (D:13)
  6 wargs
  41 orc warriors
  An eye of draining (D:11)
  An ice beast (D:11)
  A wasp (D:12)
  A slave (D:7)
  A black bear (D:11)
  A sky beast (D:15)
  14 ogres
  2 centaurs
  A phantom (D:7)
  12 giant frogs
  2 big kobolds
  2 scorpions (D:8)
  A wyvern simulacrum (D:8)
  19 orc wizards
  8 wights
  23 orc priests
  Crazy Yiuf (D:4)
  2 hounds
  A giant frog skeleton (D:9)
  A giant frog zombie (D:12)
  A jelly (D:9)
  4 centaur skeletons
  An iguana (D:12)
  2 worker ants
  A wasp simulacrum (D:8)
  2 hound skeletons
  A worker ant zombie (D:8)
  14 adders
  A shadow imp (D:11)
  2 white imps (D:8)
  An ufetubus (D:8)
  An adder zombie (D:7)
  An adder skeleton (D:8)
  3 worms
  2 adder simulacra (D:8)
  10 giant geckos
  88 orcs
  4 giant cockroaches
  2 goblins (D:3)
  2 hobgoblins
  4 jackals (D:1)
  2 quokkas
  6 ball pythons
  4 bats
  A giant gecko skeleton (D:8)
  A giant gecko zombie (D:8)
  4 giant newts
  16 kobolds
  5 rats
393 creatures vanquished.

Vanquished Creatures (others)
  2 slaves (D:7)
  A centaur (D:7)
  A jelly (D:7)
  An orc wizard (D:7)
  An ooze (D:7)
  3 orcs (D:7)
  4 jackals (D:7)
13 creatures vanquished.

Grand Total: 406 creatures vanquished

Notes
Turn   | Place    | Note
--------------------------------------------------------------
     0 | D:1      | 4thArraOfDagon the Vine Stalker Necromancer began the quest for the Orb.
     0 | D:1      | Reached XP level 1. HP: 9/9 MP: 4/4
    29 | D:1      | Reached skill level 1 in Short Blades
   107 | D:1      | Reached XP level 2. HP: 13/13 MP: 6/6
   292 | D:3      | Found a shattered altar of Ashenzari.
   296 | D:3      | Found a glowing silver altar of Zin.
   392 | D:3      | Reached XP level 3. HP: 12/16 MP: 7/7
   399 | D:3      | Found a faded altar to an unknown god.
   408 | D:3      | Became a worshipper of Pakellas the Inventive
   408 | D:3      | Reached * piety under Pakellas
   416 | D:3      | Noticed a giant frog
   613 | D:3      | Found a glowing drain.
   632 | D:3      | Reached XP level 4. HP: 5/21 MP: 8/8
   651 | Sewer    | Entered a sewer
   699 | Sewer    | Reached ** piety under Pakellas
   699 | Sewer    | Received a gift from Pakellas
   869 | Sewer    | Noticed a giant frog
   880 | Sewer    | Killed a giant frog
   880 | Sewer    | Reached skill level 1 in Fighting
   880 | Sewer    | Reached XP level 5. HP: 13/25 MP: 9/9
  1155 | D:2      | You fall through a shaft for 2 floors!
  1210 | D:4      | Noticed Crazy Yiuf
  1214 | D:4      | Killed Crazy Yiuf
  1214 | D:4      | Gained mutation: You heal very quickly. [Vine Stalker growth]
  1214 | D:4      | Reached XP level 6. HP: 30/30 MP: 10/10
  1219 | D:4      | Got a fine mace
  1220 | D:4      | Identified the +2 mace of Courage {freeze, +Rage rF+++ Str-2 Dex-4} (You found it on level 4 of the Dungeon)
  1287 | D:4      | Reached *** piety under Pakellas
  1461 | D:5      | Entered Level 5 of the Dungeon
  1577 | D:5      | Reached skill level 1 in Armour
  1732 | D:7      | Noticed Pikel
  1741 | D:7      | Reached skill level 1 in Evocations
  1746 | D:7      | Killed Pikel
  1746 | D:7      | Reached skill level 5 in Short Blades
  1746 | D:7      | Reached skill level 5 in Stealth
  1746 | D:7      | Reached XP level 7. HP: 22/35 MP: 11/11
  1746 | D:7      | Gained mutation: You have razor-sharp teeth. [Vine Stalker growth]
  1746 | D:7      | Reached XP level 8. HP: 24/39 MP: 12/12
  1900 | D:8      | Noticed a polar bear
  1925 | D:7      | Killed a polar bear
  1925 | D:7      | Reached skill level 1 in Long Blades
  1925 | D:7      | Reached skill level 6 in Stealth
  2298 | D:8      | Reached skill level 7 in Stealth
  2496 | D:8      | Reached XP level 9. HP: 36/44 MP: 11/13
  2513 | D:8      | Reached **** piety under Pakellas
  2513 | D:8      | Received a gift from Pakellas
  2801 | D:8      | Learned a level 3 spell: Regeneration
  2821 | D:9      | Reached skill level 8 in Stealth
  2910 | D:9      | Reached XP level 10. HP: 44/50 MP: 14/14
  2912 | D:9      | Reached skill level 9 in Stealth
  2963 | D:10     | Entered Level 10 of the Dungeon
  3173 | D:11     | Reached skill level 5 in Long Blades
  3239 | D:11     | Reached ***** piety under Pakellas
  3250 | D:11     | Noticed a hill giant
  3259 | D:11     | Killed a hill giant
  3283 | D:12     | Reached skill level 5 in Fighting
  3308 | D:12     | Reached skill level 10 in Stealth
  3330 | D:12     | Noticed a seven-headed hydra
  3342 | D:12     | Noticed a hill giant
  3400 | D:11     | Noticed a cyan ugly thing
  3407 | D:11     | Killed a cyan ugly thing
  3548 | D:11     | Reached XP level 11. HP: 30/56 MP: 10/15
  3766 | D:13     | Found a flickering gateway to a bazaar.
  3798 | Bazaar   | Entered a bazaar
  3799 | Bazaar   | Found Neyn's Weapon Shop.
  3805 | Bazaar   | Found Tobavaem's Antique Weapon Boutique.
  3810 | Bazaar   | Found Duclixy's Antique Armour Emporium.
  3815 | Bazaar   | Found Veob's Distillery.
  3822 | Bazaar   | Found Poak's Food Emporium.
  3831 | Bazaar   | Bought a potion of berserk rage for 80 gold pieces
  3831 | Bazaar   | Bought a potion of berserk rage for 80 gold pieces
  3837 | Bazaar   | Bought an ichor-stained chain mail for 256 gold pieces
  3847 | Bazaar   | Identified the cursed +1 chain mail of the Eight Boll Weevils {SInv} (You bought it in a shop in a bazaar)
  3847 | Bazaar   | meh
  3949 | D:13     | Found a gate to the Vaults.
  3949 | D:13     | Noticed a vault guard
  3949 | D:13     | Noticed a vault guard
  3949 | D:13     | Noticed a vault guard
  3949 | D:13     | Noticed a vault guard
  3958 | D:13     | Killed a vault guard
  3958 | D:13     | Reached skill level 5 in Dodging
  3958 | D:13     | Reached skill level 11 in Stealth
  3960 | D:13     | Killed a vault guard
  3960 | D:13     | Reached skill level 5 in Evocations
  3961 | D:13     | Killed a vault guard
  3961 | D:13     | Reached skill level 5 in Armour
  3983 | D:13     | Noticed a centaur warrior
  4092 | D:12     | Found a staircase to the Orcish Mines.
  4118 | D:12     | Killed a hill giant
  4207 | D:12     | Noticed a vault guard
  4211 | D:12     | Killed a vault guard
  4214 | D:12     | Found a portal to a secret trove of treasure.
  4293 | D:12     | Reached skill level 12 in Stealth
  4293 | D:12     | Gained mutation: You regenerate. [Vine Stalker growth]
  4293 | D:12     | Reached XP level 12. HP: 53/61 MP: 14/17
  4323 | D:12     | Noticed an entropy weaver
  4323 | D:12     | a seven-headed hydra changed into an entropy weaver
  4775 | D:15     | Entered Level 15 of the Dungeon
  4904 | D:14     | Gained mutation: Your mind is acute. (Int +2) [potion of mutation]
  4904 | D:14     | Gained mutation: You are robust (+10% HP). [potion of mutation]
  4904 | D:14     | Gained mutation: Your mind is very acute. (Int +4) [potion of mutation]
  5051 | D:14     | Noticed a five-headed hydra
  5233 | D:12     | Killed an entropy weaver
  5258 | Orc:1    | Entered Level 1 of the Orcish Mines
  5310 | Orc:1    | Reached skill level 13 in Stealth
  5520 | Orc:2    | Entered Level 2 of the Orcish Mines
  6009 | Orc:2    | Found Reovuos's General Store.
  6026 | Orc:2    | Bought a scroll of teleportation for 36 gold pieces
  6026 | Orc:2    | Bought a scroll of enchant armour for 90 gold pieces
  6026 | Orc:2    | Bought a potion of haste for 120 gold pieces
  6034 | Orc:2    | Found a roughly hewn altar of Beogh.
  6057 | Orc:2    | Reached XP level 13. HP: 32/73 MP: 11/18
  6074 | Orc:2    | Found Itaux's Armour Shop.
  6140 | Orc:2    | Bought the +3 hat of Pondering {ponderous, MR+ MP+10 Int+5} for 256 gold pieces
  6455 | Orc:2    | Received a gift from Pakellas
  6766 | Orc:2    | Noticed an orc warlord
  6778 | Orc:2    | Killed an orc warlord
  6778 | Orc:2    | Reached skill level 14 in Stealth
  6789 | Orc:2    | Found a roughly hewn altar of Beogh.
  6865 | Orc:2    | Found Atwidghu's Antique Armour Boutique.
  7045 | Orc:2    | Found Avainij's Assorted Antiques.
  7091 | Orc:2    | Bought an amethyst-encrusted leather armour for 203 gold pieces
  7101 | Orc:2    | Identified the +2 leather armour of Twilight {rF+ rCorr Str+3 Stlth-} (You bought it in a shop on level 2 of the Orcish Mines)
  7234 | Orc:2    | Found a staircase to the Elven Halls.
  7239 | Orc:2    | Reached skill level 10 in Long Blades
  7248 | Elf:1    | Entered Level 1 of the Elven Halls
  7251 | Elf:1    | Noticed a deep elf demonologist
  7256 | Elf:1    | uhh
  7261 | Elf:2    | Noticed a deep elf demonologist
  7267 | Elf:2    | Killed from afar by a deep elf knight

Vault maps used:
D:1:      dpeg_arrival_boxes_within_box
D:2:      minivault_24
D:3:      grunt_temple_overflow_open, ecumenical_altar_1, portal_sewer_entry_d
D:4:      first_bread, grunt_ministairs_14, uniq_crazy_yiuf_cottage
D:6:      minmay_temple_entry_grid, lemuel_flame_loot_1
D:7:      uniq_pikel
D:8:      serial_ice, serial_ice_e, serial_ice_o, serial_ice_a, serial_ice_m,
          serial_ice_n, serial_ice_g, serial_ice_d, serial_ice_h, serial_ice_l,
          serial_ice_c, hangedman_little_slice_of_home
D:9:      uniq_joseph
D:11:     lair_0_dummy
D:12:     david_orc_2, enter_trove_5
D:13:     lightli_vaults_fourway_checkpoint, serial_shops, bzr_entry_customers
D:14:     minmay_orc_keep
D:15:     hangedman_depths_entry_try_elsewhere_first, serial_shops,
          nicolae_shop_overgrown_old_shop, serial_glass, glass_columns_b,
          glass_columns_a, lemuel_flamethrower_hall, uniq_azrael
Orc:2:    pubby_orc_utopia, serial_shops
Elf:1:    eino_elf_arrival_customs, kennysheep_underground_church
Elf:2:    mu_enter_wizlab_3
Bazaar:   bazaar_kb_twisted_cavern
Sewer:    sewer_frog_island_01

Action                   |  1- 3 |  4- 6 |  7- 9 | 10-12 | 13-15 || total
-------------------------+-------+-------+-------+-------+-------++-------
Melee: Dagger            |   110 |   146 |     8 |    20 |       ||   284
       Mace              |       |    67 |    18 |     6 |       ||    91
       Long sword        |       |       |   165 |   452 |   218 ||   835
 Cast: Regeneration      |       |       |       |       |     1 ||     1
Invok: Quick Charge      |       |       |       |    36 |    20 ||    56
       Device Surge      |       |       |       |     8 |     3 ||    11
 Abil: Evoke Berserk Rag |       |     2 |     2 |     1 |       ||     5
Evoke: Wand              |       |     2 |     7 |    30 |    29 ||    68
       Rod               |       |       |       |    20 |    16 ||    36
  Use: Potion            |       |     1 |       |     1 |       ||     2
       Scroll            |       |       |     5 |    16 |     3 ||    24
 Stab: Sleeping          |     2 |     6 |     6 |    17 |     4 ||    35
       Invisible         |       |     1 |     2 |    10 |       ||    13
       Distracted        |       |       |       |     1 |     1 ||     2
  Eat: Fruit             |       |     2 |       |       |       ||     2
       Chunk             |       |     2 |     5 |    20 |     8 ||    35
       Pizza             |       |       |     3 |       |       ||     3
       Beef jerky        |       |       |     1 |     1 |       ||     2
